 Dungeon Sprint DCSS version 0.27-a0-1219-g958d993ae5 (webtiles) character file.

Game seed: 9726172663262994916

62526 mhtbhm the Archmage (level 14, -9/74 HPs)
             Began as a Deep Elf Earth Elementalist on June 6, 2021.
             Was the Champion of Vehumet.
             Killed from afar by an ironbound frostheart (21 damage)
             ... with a frost
             ... in the Dungeon (Sprint IX: "|||||||||||||||||||||||||||||").
             The game lasted 00:17:27 (10267 turns).

mhtbhm the Archmage (Deep Elf Earth Elementalist)  Turns: 10267, Time: 00:17:27

Health: -9/74      AC: 11    Str:  5    XL:     14   Next: 64%
Magic:  44/47      EV: 16    Int: 29    God:    Vehumet [******]
Gold:   1911       SH:  0    Dex: 18    Spells: 23/67 levels left

rFire    + . .     SeeInvis .   a - +8 Vampire's Tooth {vamp}
rCold    . . .     Faith    .   (no shield)
rNeg     . . .     Spirit   .   c - +2 robe {rF+}
rPois    .         Reflect  .   v - +2 hat {Will+}
rElec    .         Harm     .   m - +2 cloak {rCorr}
rCorr    +         Rampage  .   (no gloves)
Will     ++...     NoTele   +   B - +1 pair of boots
Stlth    ++++......             (no amulet)
HPRegen  0.22/turn              n - +3 ring of intelligence
MPRegen  0.30/turn              o - +3 ring of dexterity

@: no status effects
A: no striking features
a: Renounce Religion


You were in the Dungeon.
You worshipped Vehumet.
Vehumet was exalted by your worship.
You visited 1 branch You collected 1911 gold pieces.

Inventory:

Hand Weapons
 a - the +8 Vampire's Tooth (weapon) {vamp}
   (You found it in the Dungeon)

   It inflicts no extra harm, but heals its wielder when it wounds a living foe.
Missiles
 b - 10 stones
 p - 7 curare-tipped darts (quivered)
 u - 5 boomerangs of dispersal
Armour
 c - a +2 robe of fire resistance (worn)
 m - a +2 cloak of preservation (worn)
 v - a +2 hat of willpower (worn)
 B - a +1 pair of boots (worn)
Jewellery
 n - a +3 ring of intelligence (left hand)
 o - a +3 ring of dexterity (right hand)
 x - a ring of resist corrosion
 y - a ring of ice
 z - a ring of willpower
 A - a ring of see invisible
Wands
 k - a wand of iceblast (5)
 w - a wand of flame (42)
Scrolls
 i - 2 scrolls of blinking
 j - 2 scrolls of amnesia
 l - 2 scrolls of fear
 r - 3 scrolls of identify
 s - 2 scrolls of enchant weapon
 t - a scroll of fog
 C - 2 scrolls of enchant armour
Potions
 d - 9 potions of curing
 e - a potion of invisibility
 f - 4 potions of heal wounds
 g - 2 potions of magic
 h - 2 potions of berserk rage
 q - 2 potions of mutation


   Skills:
 + Level 3.0 Fighting
 + Level 7.6 Dodging
 + Level 7.8 Stealth
 O Level 27 Spellcasting
 + Level 6.5 Conjurations
 + Level 13.3 Transmutations
 * Level 14.7 Fire Magic
 O Level 27 Earth Magic
 + Level 1.5 Evocations


You had 23 spell levels left.
You knew the following spells:

 Your Spells              Type           Power      Damage    Failure   Level
a - Sandblast             Erth           100%       2d20      0%          1
b - Passwall              Tmut/Erth      85%        N/A       0%          2
c - Stone Arrow           Conj/Erth      100%       3d13      0%          3
d - Lee's Rapid Deconstr  Erth           57%        3d27*     0%          5
e - Petrify               Tmut/Erth      100%       N/A       0%          4
f - Sticky Flame          Conj/Fire      79%        2d9       1%          4
g - Lehudib's Crystal Sp  Conj/Erth      47%        10d11     1%          8
h - Shatter               Erth           57%        3d43*     1%          9
i - Ignition              Fire           45%        3d13      3%          8

Your spell library contained the following spells:

 Spells                   Type           Power      Damage    Failure   Level
 Chain Lightning          Conj/Air       27%        N/A       93%         8


Dungeon Overview and Level Annotations

Branches:
Dungeon (1/1)

Altars:
Cheibriados
Dithmenos
Elyvilon
Fedhas
Gozag
Hepliaklqana
Kikubaaqudgha
Makhleb
Nemelex Xobeh
Okawaru
Qazlal
Ru
Sif Muna
Trog
Uskayaw
Vehumet
Wu Jian
Xom
Yredelemnul
Zin
The Shining One
Beogh
Jiyva
Lugonu

Shops:
D [[[(


Message History

You are encased in ice.
The yaktaur captain shouts!
You hear a shout!
Unknown command.
Casting: Lee's Rapid Deconstruction (safe; 0% risk of failure)
Confirm with . or Enter, or press ? or * to list all spells.
Aiming: Petrify (safe; 0% risk of failure)
Press: ? - help, Shift-Dir - straight line, f - ironbound frostheart
Aim: an ironbound frostheart, wearing a +0 ring mail (chance to affect: 75%)
The ironbound frostheart is moving more slowly.
You hear a shout!
The ironbound frostheart calls freezing cold from the walls.
The frost grips you!!
* * * LOW HITPOINT WARNING * * *
Unknown command.
You feel better.
The ironbound preserver casts a spell.
The ironbound preserver begins to accept its allies' injuries.
Unknown command.
The ironbound frostheart calls freezing cold from the walls.
The frost grips you!
* * * LOW HITPOINT WARNING * * *
Unknown command.
Drop what? 29/52 slots (_ for help) (? for menu, Esc to quit)
Okay, then.
Casting: Petrify (safe; 0% risk of failure)
Confirm with . or Enter, or press ? or * to list all spells.
Okay, then.
Press: ? - help, v - describe, . - travel
Here: an ironbound frostheart, wearing a +0 ring mail (sheltered from injuries, petrifying slowly)
An open door to the Vaults.
Unknown command.
Unknown command.
Okay, then.
The ice encasing you melts away.
The ironbound preserver casts a spell.
The ironbound preserver begins to accept its allies' injuries.
The ironbound frostheart stops moving altogether!
The ironbound frostheart calls freezing cold from the walls.
The frost grips you!!
You die...

.▓.▓)▓.▓[▓.▓.▓.▓.▓
.▓.▓.▓.▓[▓.÷)♣.▓.▓
.▓.▓[▓.▓[▓.♣.♣.▓.▓
.▓.▓'▓.▓[▓.♣.♣.▓.▓
.▓)▓)▓.▓[▓.♣(♣.▓.▓
.▓.▓.▓.▓[▓.♣.♣.▓.▓
.▓.▓.▓.▓[▓.♣.♣.▓.▓
'▓.▓.▓.▓[▓.♣.♣.▓.▓
.▓.▓.▓.▓.▓.♣.♣.▓@▓
.▓.▓.▓.▓.▓.♣)♣.▓.▓
.▓.▓.▓.▓.▓.♣.♣)▓.▓
.▓.▓.▓.▓.▓.▓÷▓.▓p▓
.▓.▓.▓.▓.▓.▓.▓.▓p▓
.▓.▓.▓.▓.▓.▓.▓.▓.▓
.▓.▓.▓.▓.▓.▓.▓.▓p▓
.▓.▓.▓.▓.▓.▓.▓.▓p▓
.▓)▓)▓.▓.▓.▓.▓.▓c▓


You could see 2 ironbound preservers and 2 ironbound frosthearts.

Vanquished Creatures
  Saint Roka (D)
  Gastronok (D)
  A frost giant (D)
  2 fire giants (D)
  2 emperor scorpions (D)
  A vampire knight (D)
  A stone giant (D)
  3 very ugly things (D)
  3 bunyips (D)
  A spark wasp (D)
  An eleionoma (D)
  A merfolk impaler (D)
  3 fire dragons (D)
  An ettin (D)
  Erolcha (D)
  2 ice dragons (D)
  3 hydras (D)
  An anaconda (D)
  A rakshasa (D)
  An ogre mage (D)
  Erica (D)
  A deep troll shaman (D)
  2 deep troll earth magi (D)
  A vampire mage (D)
  7 orc high priests (D)
  A spriggan druid (D)
  2 glowing orange brains (D)
  A skeletal warrior (D)
  3 sea snakes (D)
  A bog body (D)
  2 necromancers (D)
  A harpy (D)
  8 orc knights (D)
  2 wolf spiders (D)
  An ugly thing (D)
  A cyclops (D)
  2 manticores (D)
  2 will-o-the-wisps (D)
  Joseph (D)
  9 elephants (D)
  8 black mambas (D)
  A cane toad (D)
  A naga mage (D)
  A demonic crawler (D)
  A kobold demonologist (D)
  A komodo dragon (D)
  A tengu conjurer (D)
  An efreet (D)
  A merfolk (D)
  A meliai (D)
  A jumping spider (D)
  2 slime creatures (D)
  2 blink frogs (D)
  2 snapping turtles (D)
  A redback (D)
  3 tarantellas (D)
  A shadow (D)
  Eustachio (D)
  A yak (D)
  2 basilisks (D)
  A vampire mosquito (D)
  2 nagas (D)
  2 water moccasins (D)
  14 orc warriors (D)
  2 wolves (D)
  2 centaurs (D)
  2 bullfrogs (D)
  A wight (D)
  3 orc priests (D)
  An iguana (D)
  A hell rat (D)
  4 orc wizards (D)
  An adder (D)
  An adder zombie (D)
  12 orcs (D)
  A jackal (D)
  3 ball pythons (D)
  A kobold (D)
167 creatures vanquished.

Notes
Turn   | Place    | Note
-------+----------+-------------------------------------------
     0 | D        | mhtbhm the Deep Elf Earth Elementalist began the quest for
                  | the Orb.
     0 | D        | Reached XP level 1. HP: 10/10 MP: 6/6
   157 | D        | Noticed a water moccasin
   157 | D        | Noticed an iguana
   157 | D        | Noticed a centaur
   163 | D        | Killed a water moccasin
   164 | D        | Reached XP level 2. HP: 5/15 MP: 1/12
   164 | D        | Reached XP level 3. HP: 7/19 MP: 1/13
   164 | D        | Reached XP level 4. HP: 9/24 MP: 1/15
   369 | D        | Learned a level 2 spell: Passwall
   373 | D        | Learned a level 3 spell: Stone Arrow
   399 | D        | Killed a centaur
   400 | D        | Reached XP level 5. HP: 27/28 MP: 13/18
   406 | D        | Learned a level 5 spell: Lee's Rapid Deconstruction
   411 | D        | Learned a level 4 spell: Petrify
   476 | D        | Found a snail-covered altar of Cheibriados.
   476 | D        | Found a shadowy altar of Dithmenos.
   476 | D        | Found a white marble altar of Elyvilon.
   476 | D        | Found a blossoming altar of Fedhas.
   476 | D        | Found an opulent altar of Gozag.
   477 | D        | Found a hazy altar of Hepliaklqana.
   478 | D        | Found a viscous altar of Jiyva.
   479 | D        | Found an ancient bone altar of Kikubaaqudgha.
   480 | D        | Found a corrupted altar of Lugonu.
   481 | D        | Found a burning altar of Makhleb.
   482 | D        | Found a sparkling altar of Nemelex Xobeh.
   483 | D        | Found an iron altar of Okawaru.
   484 | D        | Found a stormy altar of Qazlal.
   485 | D        | Found a sacrificial altar of Ru.
   486 | D        | Found a shimmering blue altar of Sif Muna.
   487 | D        | Found a bloodstained altar of Trog.
   488 | D        | Found a hide-covered altar of Uskayaw.
   489 | D        | Found a radiant altar of Vehumet.
   490 | D        | Found an ornate altar of the Wu Jian Council.
   491 | D        | Found a shimmering altar of Xom.
   492 | D        | Found a basalt altar of Yredelemnul.
   493 | D        | Found a glowing silver altar of Zin.
   494 | D        | Found a glowing golden altar of the Shining One.
   497 | D        | Became a worshipper of Vehumet
   504 | D        | Found the +8 Vampire's Tooth {vamp}
   536 | D        | Noticed an orc warrior
   536 | D        | Noticed an orc warrior
   536 | D        | Noticed an orc warrior
   536 | D        | Noticed a centaur
   540 | D        | Killed an orc warrior
   541 | D        | Reached skill level 5 in Stealth
   541 | D        | Reached skill level 10 in Spellcasting
   541 | D        | Reached skill level 10 in Earth Magic
   541 | D        | Reached XP level 6. HP: 23/32 MP: 3/21
   541 | D        | Killed an orc warrior
   542 | D        | Reached skill level 5 in Dodging
   563 | D        | Reached * piety under Vehumet
   563 | D        | Offered knowledge of Foxfire by Vehumet.
   594 | D        | Killed an orc warrior
   595 | D        | Reached XP level 7. HP: 32/36 MP: 1/24
   957 | D        | Reached ** piety under Vehumet
   957 | D        | Offered knowledge of Freeze by Vehumet.
  1187 | D        | Noticed a slime creature
  1187 | D        | Noticed a slime creature
  1187 | D        | Noticed a tengu conjurer
  1187 | D        | Noticed a shadow
  1187 | D        | Noticed a kobold demonologist
  1187 | D        | Noticed a vampire mosquito
  1194 | D        | Killed a shadow
  1200 | D        | Killed a kobold demonologist
  1200 | D        | Offered knowledge of Mephitic Cloud by Vehumet.
  1201 | D        | Reached skill level 1 in Conjurations
  1201 | D        | Reached XP level 8. HP: 42/42 MP: 23/27
  1210 | D        | Killed a tengu conjurer
  1210 | D        | Reached *** piety under Vehumet
  1661 | D        | Killed a slime creature
  1661 | D        | Offered knowledge of Sticky Flame by Vehumet.
  1662 | D        | Reached skill level 15 in Spellcasting
  1925 | D        | Killed a slime creature
  2048 | D        | Noticed Joseph
  2054 | D        | Killed Joseph
  2055 | D        | Reached skill level 15 in Earth Magic
  2055 | D        | Reached XP level 9. HP: 30/46 MP: 3/31
  2186 | D        | Learned a level 4 spell: Sticky Flame
  2248 | D        | Noticed a black mamba
  2248 | D        | Noticed a cane toad
  2251 | D        | Reached **** piety under Vehumet
  2251 | D        | Offered knowledge of Frozen Ramparts by Vehumet.
  2255 | D        | Killed a black mamba
  2255 | D        | Noticed a komodo dragon
  2256 | D        | Noticed an eight-headed hydra
  2257 | D        | Killed a cane toad
  2257 | D        | Reached ***** piety under Vehumet
  2467 | D        | Killed a komodo dragon
  2467 | D        | Offered knowledge of Yara's Violent Unravelling by Vehumet.
  2663 | D        | Killed an eight-headed hydra
  2664 | D        | Reached XP level 10. HP: 51/51 MP: 25/34
  2815 | D        | Noticed a black mamba
  2815 | D        | Noticed a black mamba
  2815 | D        | Noticed a five-headed hydra
  2818 | D        | Killed a black mamba
  2818 | D        | Killed a black mamba
  2819 | D        | Reached skill level 1 in Fighting
  2830 | D        | Killed a five-headed hydra
  2831 | D        | Offered knowledge of Iskenderun's Mystic Blast by Vehumet.
  2832 | D        | Noticed an elephant
  3063 | D        | Killed an elephant
  3240 | D        | Noticed an elephant
  3240 | D        | Noticed an elephant
  3240 | D        | Noticed an elephant
  3240 | D        | Noticed an elephant
  3240 | D        | Noticed an elephant
  3240 | D        | Noticed an elephant
  3243 | D        | Killed an elephant
  3243 | D        | Killed an elephant
  3245 | D        | Noticed an elephant
  3246 | D        | Killed an elephant
  3252 | D        | Noticed an elephant
  3253 | D        | Killed an elephant
  3371 | D        | Killed an elephant
  3372 | D        | Reached XP level 11. HP: 56/56 MP: 24/38
  3383 | D        | Reached skill level 5 in Transmutations
  3705 | D        | Reached ****** piety under Vehumet
  4077 | D        | Noticed Gastronok
  4113 | D        | Killed Gastronok
  4113 | D        | Offered knowledge of Starburst by Vehumet.
  4363 | D        | Noticed Erica
  4367 | D        | Killed Erica
  4618 | D        | Offered knowledge of Iskenderun's Battlesphere by Vehumet.
  4900 | D        | Noticed an orc high priest
  4904 | D        | Offered knowledge of Ozocubu's Refrigeration by Vehumet.
  4907 | D        | Noticed an orc knight
  4914 | D        | Killed an orc high priest
  5010 | D        | Killed an orc knight
  5299 | D        | Offered knowledge of Irradiate by Vehumet.
  5427 | D        | Found Wedyif's Antique Armour Emporium.
  5427 | D        | Noticed an orc high priest
  5427 | D        | Noticed an orc high priest
  5427 | D        | Noticed an orc knight
  5427 | D        | Noticed an orc knight
  5427 | D        | Noticed an orc knight
  5429 | D        | Noticed a sun demon
  5430 | D        | Noticed a sun demon
  5430 | D        | Killed an orc high priest
  5544 | D        | Killed an orc high priest
  5592 | D        | Killed an orc knight
  5838 | D        | Killed an orc knight
  5839 | D        | Reached XP level 12. HP: 61/61 MP: 27/41
  5870 | D        | Noticed an orc high priest
  5874 | D        | Killed an orc high priest
  6236 | D        | Offered knowledge of Lehudib's Crystal Spear by Vehumet.
  6246 | D        | Learned a level 8 spell: Lehudib's Crystal Spear
  6339 | D        | Found Dakaxzoy's Armour Shoppe.
  6679 | D        | Noticed an orc high priest
  6683 | D        | Killed an orc high priest
  6688 | D        | Noticed an orc high priest
  6690 | D        | Noticed an orc high priest
  6691 | D        | Killed an orc high priest
  6693 | D        | Killed an orc high priest
  6799 | D        | Found Eblej's Armour Emporium.
  6802 | D        | Found Wuipt's Antique Weapon Shoppe.
  6859 | D        | Noticed Erolcha
  6865 | D        | Killed Erolcha
  6866 | D        | Reached skill level 1 in Evocations
  6935 | D        | Noticed Eustachio
  6940 | D        | Killed Eustachio
  7129 | D        | Noticed an ogre mage
  7131 | D        | Offered knowledge of Shatter by Vehumet.
  7131 | D        | Offered knowledge of Chain Lightning by Vehumet.
  7131 | D        | Offered knowledge of Ignition by Vehumet.
  7138 | D        | Killed an ogre mage
  7140 | D        | Noticed a fire dragon
  7376 | D        | Killed a fire dragon
  7376 | D        | Noticed a red very ugly thing
  7420 | D        | Killed a red very ugly thing
  7674 | D        | Noticed a fire giant
  7683 | D        | Killed a fire giant
  7684 | D        | Reached XP level 13. HP: 42/65 MP: 25/45
  8098 | D        | Noticed a cyan very ugly thing
  8105 | D        | Killed a cyan very ugly thing
  8106 | D        | Reached skill level 27 in Spellcasting
  8239 | D        | Noticed Saint Roka
  8255 | D        | Killed Saint Roka
  8447 | D        | Noticed an emperor scorpion
  8467 | D        | Killed an emperor scorpion
  8468 | D        | Reached skill level 5 in Conjurations
  8591 | D        | Learned a level 9 spell: Shatter
  8600 | D        | Learned a level 8 spell: Ignition
  8644 | D        | Noticed an emperor scorpion
  8650 | D        | Killed an emperor scorpion
  8736 | D        | Noticed an eleionoma
  8736 | D        | Noticed a bunyip
  8736 | D        | Noticed a bunyip
  8740 | D        | Killed an eleionoma
  8747 | D        | Killed a bunyip
  8750 | D        | Noticed a bunyip
  8763 | D        | Killed a bunyip
  8764 | D        | Reached skill level 5 in Fire Magic
  8767 | D        | Killed a bunyip
  8928 | D        | Noticed a merfolk impaler
  8942 | D        | Killed a merfolk impaler
  8943 | D        | Reached XP level 14. HP: 70/70 MP: 12/47
  9176 | D        | Reached skill level 27 in Earth Magic
  9458 | D        | Noticed a frost giant
  9458 | D        | Noticed a stone giant
  9460 | D        | Killed a frost giant
  9460 | D        | Killed a stone giant
  9461 | D        | Reached skill level 10 in Transmutations
  9461 | D        | Reached skill level 10 in Fire Magic
  9462 | D        | Noticed a fire giant
  9464 | D        | Killed a fire giant
  9854 | D        | Noticed a vampire knight
  9860 | D        | Killed a vampire knight
  9861 | D        | Noticed a purple very ugly thing
  9866 | D        | Killed a purple very ugly thing
 10262 | D        | Noticed an ironbound preserver
 10262 | D        | Noticed an ironbound preserver
 10267 | D        | Killed from afar by an ironbound frostheart

Illustrated notes

Levels and vault maps discovered:
D:        linesprint [early_d, line_temple, items_1, d_10, items_2, lair_1,
          lair_end, items_3, orc_1, orc_end, items_4, d_15, swamp_1, shoals_1,
          snake_1, spider_1, d_20, vaults_1, items_5, swamp_end, shoals_end,
          snake_end, spider_end, vaults_end, d_27, items_6, zot_1, zot_end,
          crypt_end, forest_end, elf_end, slime_end, tomb_end, abyss_end,
          pan_hell_end]

Skill      XL: |  1  2  3  4  5  6  7  8  9 10 11 12 13 14 |
---------------+-------------------------------------------+-----
Earth Magic    | 8 9 10 12 13 15 17 18 21 23 26 27 | 27.0
Dodging        | 3 4 5 6 7 |  7.6
Stealth        | 4 5 6 7 |  7.8
Spellcasting   | 7 9 10 11 13 16 18 21 23 26 27 | 27.0
Transmutations | 2 3 4 5 7 9 13 | 13.3
Conjurations   | 1 2 6 |  6.5
Fighting       | 1 3 |  3.0
Evocations     | 1 |  1.5
Fire Magic     | 6 14 | 14.7

Action                   |  1- 3 |  4- 6 |  7- 9 | 10-12 | 13-15 || total
-------------------------+-------+-------+-------+-------+-------++-------
Melee: Quick blade       |       |       |       |     2 |       ||     2
 Cast: Sandblast         |    10 |     3 |     1 |     6 |     4 ||    24
       Stone Arrow       |       |     3 |     1 |    10 |    13 ||    27
       Lee's Rapid Decon |       |     5 |    32 |   127 |    74 ||   238
       Petrify           |       |       |    12 |    43 |    24 ||    79
       Lehudib's Crystal |       |       |       |       |    10 ||    10
       Sticky Flame      |       |       |       |       |     1 ||     1
       Shatter           |       |       |       |       |     9 ||     9
       Ignition          |       |       |       |       |     4 ||     4
Evoke: Wand              |       |       |     2 |     3 |       ||     5
  Use: Potion            |     1 |     1 |     1 |     1 |     4 ||     8
       Scroll            |       |       |       |     1 |     1 ||     2
 Stab: Petrified         |       |       |       |     2 |       ||     2
Armor: Robe              |       |       |       |     4 |     6 ||    10
Dodge: Dodged            |     4 |     2 |     8 |    12 |    17 ||    43

Table legend: (Time is in decaauts) A = Elapsed time spent in this place. B = Non-inter-level travel time spent in this place. C = Inter-level travel time spent in this place. D = Time resting spent in this place. E = Time spent auto-exploring this place. F = Levels seen in this place. G = Mean time per level. A B C D E F G +--------+--------+--------+--------+--------+-----+--------+ Total | 10244 | 10244 | 0 | 6712 | 1863 | 1 | 10244.0 | Dungeon | 10244 | 10244 | 0 | 6712 | 1863 | 1 | 10244.0 | +--------+--------+--------+--------+--------+-----+--------+

Top non-repeatable levels by time:
       D: 10244 daAuts
